[Event "*** Titled Tuesday Blitz"]
[Site "Chess.com"]
[Date "2020.04.28"]
[Round "4"]
[White "MathiasWomacka"]
[Black "Susal_De_Silva"]
[Result "1/2-1/2"]
[WhiteElo "2446"]
[BlackElo "2265"]
[TimeControl "180+1"]
[EndTime "10:40:39 PDT"]
[Termination "Game drawn by repetition"]

1. e4 e5 2. Nf3 Nc6 3. Bc4 Nf6 4.
d3 Bc5 5. O-O O-O 6. h3 d5 7. exd5 Nxd5 8. Re1 Nb6 9. Bb3 Bd6 10.
a4 a5 11. Nc3 h6 12. Nb5 Re8 13. Be3 Bf5 14. d4 e4 15. Nd2 Nb4 16. Qh5 Be6 17. d5 N6xd5 18. Nxd6 cxd6 19. Nxe4 Nxe3 20.
Rxe3 Bxb3 21. Rae1 Bxc2 22. Nf6+ Qxf6 23. Rxe8+ Rxe8 24. Rxe8+ Kh7 25. Rb8 Bg6 26. Qb5 Nd3 27. Qb6 d5 28.
Rxb7 d4 29. Qxf6 gxf6 30. Rd7 Nxb2 31. Rxd4 Kg7 32. Kf1 Kf8 33. Ke2 Ke7 34. Kd2 Ke6 35.
Kc3 Nd3 36. Rxd3 Bxd3 37. Kxd3 Kd5 38. g4 Ke5 39. Ke3 Kd5 40. Kd3 Ke5 41. Ke3 Kd5 42. Kd3 1/2-1/2

[Event "*** Titled Tuesday Blitz"]
[Site "Chess.com"]
[Date "2020.04.28"]
[Round "4"]
[White "floplover"]
[Black "martinique24"]
[Result "0-1"]
[WhiteElo "2240"]
[BlackElo "2442"]
[TimeControl "180+1"]
[EndTime "10:40:39 PDT"]
[Termination "martinique24 won by resignation"]

1. d4 Nf6 2. c4 g6 3. Nc3 d5 4.
cxd5 Nxd5 5. e4 Nxc3 6. bxc3 Bg7 7. Be3 c5 8. Rc1 Qa5 9. Qd2 O-O 10. Nf3 Rd8 11.
d5 e6 12. Be2 b6 13. O-O Ba6 14. c4 Nc6 15. Bg5 f6 16. Bh4 Qxd2 17. Nxd2 Nd4 18.
Rfe1 exd5 19. exd5 Nxe2+ 20. Rxe2 Rxd5 21. Ne4 Re5 22. f4 Re6 23. Kf2 f5 24. Nf6+ Rxf6 25. Bxf6 Bxf6 26. g3 Bd4+ 27. Ke1 Kf7 28. a4 Re8 29. Rxe8 Kxe8 30. Kd2 Bb7 31. Rc2 Be4 32. Ra2 Kd7 33. a5 Kc7 34. axb6+ Kxb6 35. Kd1 Bc3 36. Rf2 a5 37. Kc1 a4 38. Ra2 Ka5 39. h3 Kb4 40.
g4 a3 41. gxf5 gxf5 42. h4 Bb2+ 43. Rxb2+ 0-1

[Event "*** Titled Tuesday Blitz"]
[Site "Chess.com"]
[Date "2020.04.28"]
[Round "4"]
[White "suneebaker"]
[Black "IngOscarArdila"]
[Result "1-0"]
[WhiteElo "2241"]
[BlackElo "2033"]
[TimeControl "180+1"]
[EndTime "10:40:39 PDT"]
[Termination "suneebaker won by resignation"]

1. d4 Nf6 2. Nf3 g6 3. g3 Bg7 4. Bg2 O-O 5. O-O d6 6. c4 Nbd7 7. Nc3 e5 8. e4 exd4 9. Nxd4 Re8 10. Re1 Nc5 11. h3 a5 12. Bf4 Nh5 13. Be3 Nf6 14.
Qc2 Bd7 15. Rad1 a4 16. a3 h6 17. Nde2 Nb3 18. Nf4 Bc6 19. Nfd5 Qc8 20. Nb5 Nxd5 21. exd5 Bd7 22. Kh2 Bf5 23. Qe2 h5 24. Qf1 Qd7 25. Nd4 Re7 26. Nxf5 Qxf5 27. Bf4 Rae8 28. Rxe7 Rxe7 29.
Re1 Rxe1 30. Qxe1 Bxb2 31. Qe7 Bxa3 32. Qxc7 Bc5 33. Qxb7 Qc2 34. Qe7 Qxf2 35. h4 Qg1+ 36. Kh3 Qd1 37. Bh6 Qg4+ 38. Kh2 Bg1+ 39. Kxg1 Kh7 40. Qf8 Qd1+ 41. Kh2 1-0

[Event "*** Titled Tuesday Blitz"]
[Site "Chess.com"]
[Date "2020.04.28"]
[Round "4"]
[White "Hangar-18"]
[Black "yamalchess"]
[Result "0-1"]
[WhiteElo "2272"]
[BlackElo "2587"]
[TimeControl "180+1"]
[EndTime "10:40:40 PDT"]
[Termination "yamalchess won by checkmate"]

1. Nf3 f5 2. d4 Nf6 3. g3 g6 4.
Bg2 Bg7 5. O-O O-O 6. b3 Nc6 7.
Bb2 d5 8. Ne5 Nxe5 9. dxe5 Ne4 10. Nd2 c6 11. e3 b6 12. f3 Nxd2 13. Qxd2 Bb7 14. Rad1 c5 15. c4 dxc4 16. Qc3 Qc7 17. Qxc4+ Kh8 18. f4 Bxg2 19. Kxg2 Rad8 20. Qe6 Qb7+ 21.
Kh3 Rxd1 22. Rxd1 Qf3 23. Rd2 Qf1+ 24. Kh4 Qf3 25. Kh3 Qxe3 26. Rd7 Qe2 27. Qxe7 Rg8 28.
Rd8 h6 29. Bc3 Qf1+ 30. Kh4 Qf3 31. Kh3 Qxc3 32. Rxg8+ Kxg8 33. Qe8+ Kh7 34. e6 Qf3 35. e7 Qf1+ 36. Kh4 Bf6# 0-1

[Event "*** Titled Tuesday Blitz"]
[Site "Chess.com"]
[Date "2020.04.28"]
[Round "4"]
[White "Sweafty"]
[Black "Gajuchess"]
[Result "0-1"]
[WhiteElo "2460"]
[BlackElo "2748"]
[TimeControl "180+1"]
[EndTime "10:40:40 PDT"]
[Termination "Gajuchess won by resignation"]

1. Nf3 d5 2. c4 d4 3. b4 g6 4. Bb2 Bh6 5. Nxd4 Nf6 6. g3 O-O 7. Bg2 e5 8. Nb3 e4 9. O-O Re8 10. Nc3 Nc6 11. a3 Bf5 12. Nb5 Ne5 13. Rc1 Bg4 14. h3 Bh5 15. g4 Bxg4 16. hxg4 Nfxg4 17. f3 Ne3 18. dxe3 Bxe3+ 19. Rf2 Qh4 20. Qf1 exf3 21. exf3 Rad8 22. Re1 Bxf2+ 23. Qxf2 Qxf2+ 24. Kxf2 Nd3+ 25. Kg3 Rxe1 26. Bf6 Rd7 27. Nxa7 Rd6 28. Bc3 Rb1 29. Nc5 Nxc5 30. bxc5 Rd3 31. Bb4 Rd4 32.
c6 bxc6 33. Nxc6 Rxc4 34. Ne7+ Kg7 35. Nd5 Rb3 36. Bf1 Rc2 37. Bb5 c5 38. Ba4 cxb4 39.
Bxb3 bxa3 40. Bxc2 a2 41. Ne3 a1=Q 42. Be4 Qg1+ 43. Ng2 f5 0-1

[Event "*** Titled Tuesday Blitz"]
[Site "Chess.com"]
[Date "2020.04.28"]
[Round "4"]
[White "GMNeiksans"]
[Black "monalize"]
[Result "1-0"]
[WhiteElo "2806"]
[BlackElo "2365"]
[TimeControl "180+1"]
[EndTime "10:40:40 PDT"]
[Termination "GMNeiksans won by resignation"]

1. b3 e5 2. Bb2 Nc6 3. e3 Nf6 4.
Bb5 Bd6 5. Ne2 O-O 6. O-O Re8 7. f4 a6 8. Bxc6 dxc6 9. Nbc3 Bg4 10. Qe1 exf4 11. Nxf4 Be5 12. Nd3 Bd6 13. Qh4 Bd7 14. Rf3 Ne4 15. Qxd8 Raxd8 16. Nxe4 Rxe4 17. Raf1 f6 18. h3 c5 19. Nf4 Bc6 20. d3 Re7 21. e4 Be5 22. Bxe5 Rxe5 23. Ne2 Rde8 24. Ng3 Kf7 25. Nf5 b6 26. Kh2 Bb7 27. g4 h6 28. Kg3 Kg6 29.
h4 Bc8 30. Ne3 Bb7 31. Rf4 Bc6 32. Nf5 Bd7 33. Ne3 Bc6 34. R1f2 a5 35. a4 Rd8 36. Nc4 Re7 37. Rf5 Bb7 38. g5 hxg5 39. hxg5 Bc8 40.
gxf6 Rf7 41. Ne5+ 1-0

[Event "*** Titled Tuesday Blitz"]
[Site "Chess.com"]
[Date "2020.04.28"]
[Round "4"]
[White "BvsN"]
[Black "NFork"]
[Result "1-0"]
[WhiteElo "2372"]
[BlackElo "1915"]
[TimeControl "180+1"]
[EndTime "10:40:40 PDT"]
[Termination "BvsN won on time"]

1. d4 d5 2. c4 dxc4 3. Nf3 Nf6 4.
e3 a6 5. Bxc4 b5 6. Bb3 Bb7 7.
Qe2 e6 8. O-O Nbd7 9. a4 c5 10.
axb5 axb5 11. Rxa8 Qxa8 12. dxc5 Bxc5 13. Nbd2 O-O 14.
Re1 Bc6 15. h3 Rd8 16. e4 Qa7 17. e5 Nd5 18. Ne4 Bb4 19. Rd1 Qc7 20. Ng3 Nc5 21. Bc2 Ba5 22. Bb1 Bb6 23. Bg5 Ne7 24. Rxd8+ Qxd8 25. Qc2 g6 26. Kh2 Qd7 27. Bf6 Nd5 28. Qc1 Nxf6 29.
exf6 Qd6 30. Qh6 Qf8 31. Qg5 h6 32. Qf4 Na6 33. Ne5 Bc7 34. Qe3 Bxe5 35. Qxe5 Qb8 36.
Qe3 1-0

[Event "*** Titled Tuesday Blitz"]
[Site "Chess.com"]
[Date "2020.04.28"]
[Round "4"]
[White "kuli4ik"]
[Black "fastestmindalive"]
[Result "1-0"]
[WhiteElo "2706"]
[BlackElo "2809"]
[TimeControl "180+1"]
[EndTime "10:40:41 PDT"]
[Termination "kuli4ik won on time"]

1. Nf3 Nf6 2. g3 b5 3. Bg2 Bb7 4. O-O e6 5. Na3 a6 6. c4 b4 7. Nc2 Be7 8. b3 O-O 9. Bb2 d5 10. d4 c5 11. cxd5 Nxd5 12. dxc5 Bxc5 13. Ne5 Nd7 14. Nd3 Nc3 15. Bxc3 Bxg2 16. Bxg7 Bxf1 17. Bxf8 Bxf8 18. Qxf1 Rc8 19. Ne3 Nb6 20. Qh3 Qg5 21.
Rd1 a5 22. Nf4 Qh6 23. Qg2 Bc5 24. Ng4 Qg5 25. Qf3 Be7 26. h4 Qb5 27. Nh6+ Kg7 28. Nxe6+ fxe6 29. Qf7+ Kxh6 30. Qxe6+ Kg7 31. Qxe7+ Kg8 32.
Qe6+ Kg7 33. Rd6 Rc1+ 34. Kg2 Qc5 35. Rxb6 Qc7 36. Rd6 Qb7+ 37. f3 1-0

[Event "*** Titled Tuesday Blitz"]
[Site "Chess.com"]
[Date "2020.04.28"]
[Round "4"]
[White "madalin18"]
[Black "Alexander_Donchenko"]
[Result "0-1"]
[WhiteElo "2111"]
[BlackElo "2859"]
[TimeControl "180+1"]
[EndTime "10:40:41 PDT"]
[Termination "Alexander_Donchenko won by resignation"]

1. e4 e5 2. Nf3 Nc6 3. d4 exd4 4.
Nxd4 Nf6 5. Nxc6 bxc6 6. e5 Qe7 7. Qe2 Nd5 8. c4 Ba6 9. Nd2 g6 10. Qe4 Nb6 11. Bd3 Bg7 12. O-O O-O 13. Re1 Rfe8 14.
Nf3 c5 15. Bg5 Qe6 16. b3 Rab8 17. Rad1 Bb7 18. Qe3 Bxf3 19. Qxf3 Bxe5 20. Bf4 d6 21. Qc6 Qd7 22. Qf3 Bxf4 23. Qxf4 Rxe1+ 24. Rxe1 Re8 25. Re4 Rxe4 26. Qxe4 a5 27. a4 Kg7 28. g3 Qe6 29. Qb7 Qe7 30. Qa7 Qe1+ 31. Bf1 Nd7 32. Qxc7 Nf6 33. Qxd6 Qxf2+ 34. Kxf2 Ne4+ 35. Ke3 Nxd6 36. Bg2 f5 37. Kf4 Kf6 38. Bf3 g5+ 39. Ke3 Ke5 40. Bd5 Ne8 41. Bc6 Nf6 42. Bb7 Ng4+ 43. Kf3 Nxh2+ 44. Kg2 Ng4 45. Bc6 Ne3+ 46. Kf3 Nc2 47.
Bd5 Nd4+ 48. Ke3 Nxb3 0-1

[Event "*** Titled Tuesday Blitz"]
[Site "Chess.com"]
[Date "2020.04.28"]
[Round "4"]
[White "andy_rekt"]
[Black "atalz0"]
[Result "0-1"]
[WhiteElo "2209"]
[BlackElo "2426"]
[TimeControl "180+1"]
[EndTime "10:40:41 PDT"]
[Termination "atalz0 won by resignation"]

1. d4 d5 2. c4 e6 3. Nc3 Bb4 4. Nf3 dxc4 5. e3 b5 6. a3 Bxc3+ 7.
bxc3 Nf6 8. a4 c6 9. Ba3 a5 10. Ne5 Bb7 11. Rb1 Nd5 12. Qf3 Qf6 13. axb5 Nxc3 14.
bxc6 Nxb1 15. cxb7 Qxf3 16. gxf3 Ra7 17. Bc5 Rxb7 18.
Bxc4 Nd7 19. Nxd7 Kxd7 20. Ba6 Rb2 21. O-O Nd2 22. Rd1 Nxf3+ 23. Kg2 Nd2 24. Ba3 Ra2 25.
Bc5 Rb8 26. Kg3 Ne4+ 27. Kf4 Nxf2 28. Bc4 Nxd1 29. Bxa2 Rb2 30. Bc4 Rxh2 31. Bb5+ Kc7 32. e4 Nc3 33. Bc4 Rh4+ 34. Kf3 Nxe4 35. Bf8 Nd2+ 0-1

[Event "*** Titled Tuesday Blitz"]
[Site "Chess.com"]
[Date "2020.04.28"]
[Round "4"]
[White "Malysch"]
[Black "Larisa004"]
[Result "1-0"]
[WhiteElo "2409"]
[BlackElo "2099"]
[TimeControl "180+1"]
[EndTime "10:40:41 PDT"]
[Termination "Malysch won on time"]

1. d4 Nf6 2. c4 c5 3. d5 b5 4. Nf3 d6 5. Qc2 b4 6. e4 Nbd7 7. a3 g6 8. Bd3 Bg7 9. O-O O-O 10. h3 Rb8 11. Re1 a5 12. e5 Nxe5 13. Nxe5 dxe5 14.
Rxe5 Nd7 15. Re1 Ne5 16. Bf4 Nxd3 17. Qxd3 Rb6 18. axb4 Rxb4 19. Nc3 Rxb2 20. Na4 Bf5 21. Qa3 Rb4 22. Rac1 Bd4 23. Bd2 Bd7 24. Bxb4 axb4 25. Qb3 e6 26. Nb2 Qf6 27. Nd3 Ra8 28. Re2 Ra3 29. Qd1 exd5 30. cxd5 Bb5 31. Rd2 Bxd3 32. Rxd3 Qxf2+ 33. Kh1 Rxd3 34. Qxd3 Qf6 35. Rf1 Qd6 36. Qf3 f5 37. Qb3 Kg7 38. Re1 Qf4 39. Re7+ 1-0

[Event "*** Titled Tuesday Blitz"]
[Site "Chess.com"]
[Date "2020.04.28"]
[Round "4"]
[White "gixfantastix"]
[Black "lelya96"]
[Result "0-1"]
[WhiteElo "2075"]
[BlackElo "2285"]
[TimeControl "180+1"]
[EndTime "10:40:41 PDT"]
[Termination "lelya96 won by checkmate"]

1. e4 e5 2. Nf3 Nc6 3. Bb5 a6 4. Ba4 Nf6 5. O-O b5 6. Bb3 Bc5 7. d3 d6 8. h3 h6 9. c3 O-O 10. Qe2 Bb7 11. Rd1 Qe7 12. Nh4 Bc8 13. Ng6 Qe8 14.
Nxf8 Qxf8 15. Nd2 g5 16. Nf1 Qg7 17. Be3 Bb6 18. Bxb6 cxb6 19. Ne3 Ne7 20. a4 bxa4 21. Rxa4 Ng6 22. Nf5 Bxf5 23. exf5 Nf4 24. Qf3 Ra7 25. Rda1 a5 26. Rc4 h5 27. Rc8+ Kh7 28. d4 e4 29.
Qd1 g4 30. h4 Re7 31. Qd2 Qh6 32. Kh2 e3 33. fxe3 g3+ 34. Kh1 Ne4 35. Qe1 Nf2+ 36.
Kg1 N4d3 37. Qf1 Qxe3 38. Bc2 Nh3+ 39. Kh1 Ndf2+ 40. Qxf2 Nxf2+ 41. Kg1 Nh3+ 42. Kh1 Qg1+ 43. Rxg1 Nf2# 0-1

[Event "*** Titled Tuesday Blitz"]
[Site "Chess.com"]
[Date "2020.04.28"]
[Round "4"]
[White "Rsnr"]
[Black "hypert"]
[Result "1-0"]
[WhiteElo "2845"]
[BlackElo "2534"]
[TimeControl "180+1"]
[EndTime "10:40:42 PDT"]
[Termination "Rsnr won by resignation"]

1. d4 Nf6 2. c4 d6 3. Nf3 Nbd7 4. Nc3 e5 5. g3 g6 6. Bg2 Bg7 7. O-O O-O 8. h3 exd4 9. Nxd4 Re8 10. e4 a6 11. Be3 Nc5 12. Qc2 Bd7 13. b4 Ne6 14. Rad1 Qc8 15. Kh2 c5 16. Nxe6 Bxe6 17. bxc5 dxc5 18.
Na4 Nd7 19. f4 f5 20. e5 Qc7 21. Rd6 Rac8 22. Rb1 b6 23. Nxb6 Nxb6 24. Rdxb6 Kh8 25. Bd5 Bxd5 26. cxd5 c4 27. d6 Qd8 28. Rb7 Rg8 29. Bd4 Rc6 30. Qa4 Rc8 31. Rd7 Qe8 32. Rbb7 c3 33.
Rxg7 Rxg7 34. d7 c2 35. dxe8=Q+ 1-0

[Event "*** Titled Tuesday Blitz"]
[Site "Chess.com"]
[Date "2020.04.28"]
[Round "4"]
[White "Muracle"]
[Black "Fh2411"]
[Result "1-0"]
[WhiteElo "2671"]
[BlackElo "2470"]
[TimeControl "180+1"]
[EndTime "10:40:42 PDT"]
[Termination "Muracle won by resignation"]

1. e4 c5 2. Nf3 e6 3. g3 Nc6 4. Bg2 Nf6 5. Qe2 d5 6. e5 Nd7 7. c4 dxc4 8. Na3 Be7 9. O-O O-O 10. Nxc4 b5 11. Nd6 Bxd6 12. exd6 Bb7 13. Qxb5 Qb6 14.
Qxb6 axb6 15. b3 Rfd8 16. Bb2 Nf8 17. d4 Rxd6 18. dxc5 bxc5 19. Rfc1 Nb4 20. Rxc5 Nxa2 21. Rc7 Bd5 22. Ne5 f6 23. Nc4 Rda6 24. Rd1 Nb4 25.
Bc3 Bxg2 26. Bxb4 Bd5 27. f4 Ng6 28. f5 Ne5 29. fxe6 Bxe6 30. Nxe5 fxe5 31. Bd6 e4 32. Be5 Ra1 33. Bxa1 Bxb3 34. Re1 Bd5 35. Rxg7+ Kf8 36. Rd7 1-0

[Event "*** Titled Tuesday Blitz"]
[Site "Chess.com"]
[Date "2020.04.28"]
[Round "4"]
[White "MRBigtimer"]
[Black "kingmonkey2006"]
[Result "1/2-1/2"]
[WhiteElo "2315"]
[BlackElo "2593"]
[TimeControl "180+1"]
[EndTime "10:40:42 PDT"]
[Termination "Game drawn by repetition"]

1. e4 c5 2. Nf3 d6 3. Bb5+ Nd7 4.
O-O Nf6 5. e5 dxe5 6. Nxe5 a6 7.
Bxd7+ Nxd7 8. Nxd7 Bxd7 9. b3 e6 10. Bb2 f6 11. c4 Be7 12. d4 O-O 13. d5 exd5 14. cxd5 Bd6 15. Nc3 Re8 16. Qf3 Qc7 17.
h3 f5 18. Rae1 b5 19. Rxe8+ Rxe8 20. Rd1 b4 21. Nb1 c4 22. bxc4 Qxc4 23. Qb3 Qe2 24. Nd2 Bb5 25. Qf3 Qe1+ 26. Nf1 Bxf1 27. Rxe1 Rxe1 28.
Bc3 bxc3 29. Qxc3 Rd1 30. Qc8+ Bf8 31. Qe6+ Kh8 32. Qf7 Bb5+ 33. Kh2 Bd6+ 34. g3 f4 35. Qe6 Bf8 36. Qc8 fxg3+ 37. Kxg3 Kg8 38. Qe6+ Kh8 39.
Qc8 Kg8 40. Qe6+ Kh8 41. Qc8 1/2-1/2

[Event "*** Titled Tuesday Blitz"]
[Site "Chess.com"]
[Date "2020.04.28"]
[Round "4"]
[White "Hasangatin_Ramil"]
[Black "vinodbhagwat1976"]
[Result "1-0"]
[WhiteElo "2456"]
[BlackElo "2255"]
[TimeControl "180+1"]
[EndTime "10:40:42 PDT"]
[Termination "Hasangatin_Ramil won on time"]

1. e4 e5 2. Nf3 Nc6 3. Bb5 a6 4. Ba4 Nf6 5. Bxc6 dxc6 6. d3 Bd6 7. Bg5 O-O 8. Nbd2 Bg4 9. h3 Bh5 10. g4 Bg6 11. Qe2 Qe7 12. Nh4 Qe6 13. Nf5 Nd7 14. Nc4 f6 15. Bd2 Nc5 16. Be3 Rad8 17. h4 Qd7 18. h5 Bf7 19. Ncxd6 cxd6 20. g5 fxg5 21. Bxg5 Rde8 22. b3 Be6 23. Ne3 d5 24. O-O-O d4 25. Nf5 Bxf5 26. exf5 Qxf5 27. Bh4 e4 28. dxe4 Qxe4 29.
Qc4+ Ne6 30. Kb1 b5 31. Qf1 Nf4 32. f3 Qf5 33. Rxd4 Nd5 34. Rd3 c5 35. Qd1 Ne3 36. Qd2 Qxf3 37. Re1 Qg4 38. Bf2 Nf5 39. Bxc5 Rxe1+ 40. Qxe1 Rc8 41. Qe6+ 1-0

[Event "*** Titled Tuesday Blitz"]
[Site "Chess.com"]
[Date "2020.04.28"]
[Round "4"]
[White "Anaj14"]
[Black "noblerone"]
[Result "0-1"]
[WhiteElo "2193"]
[BlackElo "2425"]
[TimeControl "180+1"]
[EndTime "10:40:42 PDT"]
[Termination "noblerone won on time"]

1. d4 d5 2. Nf3 Nf6 3. Bf4 c5 4. e3 Nc6 5. c3 Bf5 6. Nbd2 Qb6 7. Qb3 c4 8. Qxb6 axb6 9. a3 b5 10. Rc1 e6 11. Be2 h6 12. Bd1 Be7 13. h3 Nd7 14.
Bc7 Rc8 15. Bg3 Nb6 16. Bc2 Bxc2 17. Rxc2 Ra8 18. O-O O-O 19. e4 Rfe8 20. Re1 dxe4 21.
Nxe4 Nd5 22. Nd6 Bxd6 23. Bxd6 Rad8 24. Bg3 Nce7 25. Rce2 Nf5 26. Bh2 Ra8 27. Nd2 Red8 28. g4 Nh4 29. Bg3 Ng6 30. Kh2 Ngf4 31. Re4 Nd3 32. Rb1 Re8 33. Nf3 f5 34. gxf5 exf5 35.
Rxe8+ Rxe8 36. Be5 Nxf2 37. Rg1 g5 38. Nh4 Rf8 39.
Ng6 Rf7 40. Nf4 Nxf4 41. Bxf4 Kh7 42. Be5 Nd3 43. Rg2 f4 44. Re2 f3 0-1

[Event "*** Titled Tuesday Blitz"]
[Site "Chess.com"]
[Date "2020.04.28"]
[Round "4"]
[White "Romn69"]
[Black "WinstonSilvakov"]
[Result "1-0"]
[WhiteElo "2305"]
[BlackElo "2098"]
[TimeControl "180+1"]
[EndTime "10:40:42 PDT"]
[Termination "Romn69 won on time"]

1. d4 Nf6 2. c4 g6 3. Nc3 Bg7 4. e4 d6 5. Be2 O-O 6. Bg5 c5 7. d5 Qa5 8. Bd2 Qb6 9. Rb1 a5 10. f4 Nbd7 11. Nf3 Re8 12. O-O Qd8 13. Kh1 e5 14.
fxe5 Nxe5 15. Nxe5 dxe5 16. Bg5 h6 17. Bh4 g5 18.
Bg3 Bd7 19. a3 a4 20. Qd2 Kh7 21. b4 axb3 22. Rxb3 Qa5 23. Qb2 Ra7 24. Bd3 Ba4 25. Nxa4 Qxa4 26. Rc3 Kg8 27. Bc2 Qd7 28. Rcf3 Ra6 29.
Be1 Re7 30. Bc3 Nh5 31. g3 Rf6 32. Rxf6 Bxf6 33. Bd1 Qh3 34. Qg2 Nxg3+ 35. Kg1 Qxg2+ 36. Kxg2 Nxf1 37. Kxf1 Rd7 38. a4 1-0

[Event "*** Titled Tuesday Blitz"]
[Site "Chess.com"]
[Date "2020.04.28"]
[Round "4"]
[White "AryanTari"]
[Black "RovenVogel"]
[Result "0-1"]
[WhiteElo "2897"]
[BlackElo "2726"]
[TimeControl "180+1"]
[EndTime "10:40:43 PDT"]
[Termination "RovenVogel won by resignation"]

1. e4 e5 2. Nf3 Nc6 3. Nc3 Nf6 4. a3 d5 5. Bb5 Nxe4 6. Qe2 Qd6 7. Nxe4 dxe4 8.
Qxe4 Bd7 9. d4 f5 10. Qe2 e4 11.
Bxc6 bxc6 12. Ne5 Be7 13. Bf4 Qe6 14. O-O-O O-O 15. h4 Rad8 16. c4 Be8 17. h5 Bf6 18. c5 Qa2 19. Qc4+ Qxc4+ 20. Nxc4 Rxd4 21. Ne3 Rxd1+ 22. Rxd1 Bxh5 23. Rd7 g5 24. Bxc7 Bg6 25. Rd6 f4 26. Ng4 Be7 27. Rxc6 Rc8 28. b4 Be8 29.
Nh6+ Kf8 30. Re6 Rxc7 31. Rxe4 Bg6 32. Re6 a5 33. Rb6 axb4 34. axb4 Kg7 35. Ng4 Bf5 36. Ne5 Bxc5 37. Rc6 Rxc6 38. Nxc6 Bxf2 39. b5 Be3+ 40. Kd1 Be4 0-1

[Event "*** Titled Tuesday Blitz"]
[Site "Chess.com"]
[Date "2020.04.28"]
[Round "4"]
[White "Keks2017"]
[Black "quesfr"]
[Result "0-1"]
[WhiteElo "2410"]
[BlackElo "2225"]
[TimeControl "180+1"]
[EndTime "10:40:43 PDT"]
[Termination "quesfr won by resignation"]

1. e4 e6 2. d3 d5 3. Nd2 c5 4. Ngf3 Nc6 5. g3 Bd6 6. Bg2 Nge7 7. O-O O-O 8. Re1 Qc7 9. c3 Bd7 10.
a3 Rac8 11. Qe2 f6 12. b4 b6 13. Bb2 Kh8 14. Rac1 Rce8 15. Kh1 Qb8 16. Ng1 a5 17. b5 Nd8 18. a4 Nf7 19. f4 Qc7 20. c4 d4 21. Ndf3 e5 22. f5 g6 23. fxg6 hxg6 24.
Nh4 Kg7 25. Bh3 Rh8 26. Bxd7 Qxd7 27. Rf1 Ref8 28. Rf2 Ng8 29. Rcf1 Be7 30. Bc1 Ngh6 31. Rg2 Qg4 32. Qe1 Ng8 33. Bd2 Ng5 34. Bxa5 bxa5 35. Qxa5 Nh3 36. Nxh3 Qxh3 37. Qd2 Nh6 38. a5 Ng4 39.
Ra1 Ne3 40. Rgg1 f5 41. exf5 Bxh4 42. gxh4 Qf3+ 43. Rg2 Rxh4 44. Kg1 Nxg2 45. Qxg2 Rg4 46. Ra2 Rxg2+ 47. Rxg2 Rxf5 48. h4 Qf1+ 49. Kh2 Rf2 50. Rxf2 Qxf2+ 51. Kh1 Kh6 52. a6 Kh5 53. a7 Qa2 54. b6 Kxh4 0-1

[Event "*** Titled Tuesday Blitz"]
[Site "Chess.com"]
[Date "2020.04.28"]
[Round "4"]
[White "murtas73"]
[Black "Xeniya2005"]
[Result "1-0"]
[WhiteElo "2587"]
[BlackElo "2260"]
[TimeControl "180+1"]
[EndTime "10:40:43 PDT"]
[Termination "murtas73 won on time"]

1. e4 c5 2. Nf3 Nc6 3. Nc3 e6 4. d4 cxd4 5. Nxd4 Nf6 6. Be2 Bb4 7. O-O O-O 8. Bg5 h6 9. Bh4 Bxc3 10. Bxf6 Qxf6 11. bxc3 d5 12. exd5 exd5 13. Bf3 Be6 14. Rb1 Rab8 15. Nxe6 fxe6 16. c4 d4 17. Qe2 Na5 18. Rfe1 Rfe8 19. Rb5 b6 20. Re5 Kf8 21. Bd5 Rbd8 22. g4 g6 23. Bxe6 Kg7 24. Bd5 Rxe5 25. Qxe5 Qxe5 26. Rxe5 Rd7 27. f4 Rc7 28. Re4 Nxc4 29.
Rxd4 Ne3 30. Be4 Nxg4 31. Rd6 g5 32. fxg5 hxg5 33. Rg6+ Kf7 34. Rxg5 Ne3 35. Rh5 Ke8 36. Rh8+ Kd7 37. Rh7+ Kd6 38. Rxc7 Kxc7 39. Kf2 Nc4 40. h4 Kd6 41. h5 Ke7 42. h6 Kf6 43. Ke2 Nd6 44.
Ke3 Ke5 45. h7 Nf7 46. Bg6 Nh8 47. Bd3 a5 48. Bc4 Ng6 49. Bf7 Nh8 50. Be8 Kf6 51. Kd4 Ke7 52. Bh5 Kd6 53. Kc4 Kc6 54. a4 Kd6 55.
Kb5 Kc7 56. Be8 Kb7 57. Bc6+ Kc7 58. Be4 Nf7 59. Ka6 Nh8 60. Bf3 Nf7 61. Bh5 Nh8 62.
Be8 1-0

[Event "*** Titled Tuesday Blitz"]
[Site "Chess.com"]
[Date "2020.04.28"]
[Round "4"]
[White "kleinebeer98"]
[Black "2346PL"]
[Result "1/2-1/2"]
[WhiteElo "2687"]
[BlackElo "2494"]
[TimeControl "180+1"]
[EndTime "10:40:44 PDT"]
[Termination "Game drawn by stalemate"]

1. e4 c5 2. Nf3 Nf6 3. Nc3 Nc6 4. d4 d5 5. exd5 Nxd5 6. Bb5 Nxc3 7. bxc3 cxd4 8. O-O Bd7 9. cxd4 e6 10. Re1 Be7 11.
d5 exd5 12. Bxc6 bxc6 13. Ba3 Be6 14. Bxe7 Qxe7 15. Nd4 Qd7 16. Nxe6 fxe6 17. Qh5+ g6 18. Qe5 Kf7 19. Re3 Rhe8 20. Rae1 Kg8 21. h4 Rad8 22.
h5 Qg7 23. hxg6 hxg6 24. Qxg7+ Kxg7 25. Rxe6 Kf7 26. Rxe8 Rxe8 27. Rb1 Ke6 28. Kh2 Kd6 29. Kg3 Re2 30. Rb7 a5 31. Rg7 Rxc2 32. Rxg6+ Ke7 33. f4 d4 34. f5 d3 35. Re6+ Kd7 36.
Re3 d2 37. Rd3+ Ke7 38. Kf4 c5 39. Ke5 c4 40. f6+ Ke8 41. Rd4 c3 42. Ke6 d1=Q 43. Rxd1 Re2+ 44. Kf5 c2 45. Rc1 Rxg2 46. Ke4 Kf7 47. Kd3 Kxf6 48. Rxc2 Rxc2 49. Kxc2 Ke5 50. Kb3 Kd5 51. Ka4 Kc6 52. Kxa5 Kb7 53. a4 Ka8 54.
Kb5 Kb7 55. a5 Ka7 56. a6 Ka8 57. Ka5 Kb8 58. Kb5 Ka8 59. Kb6 Kb8 60. a7+ Ka8 61. Ka6 1/2-1/2

[Event "*** Titled Tuesday Blitz"]
[Site "Chess.com"]
[Date "2020.04.28"]
[Round "4"]
[White "cassoulet"]
[Black "Ghost_Pepper"]
[Result "1-0"]
[WhiteElo "2595"]
[BlackElo "2268"]
[TimeControl "180+1"]
[EndTime "10:40:44 PDT"]
[Termination "cassoulet won by resignation"]

1. e4 c5 2. Nf3 d6 3. b3 Nf6 4.
Nc3 g6 5. Bb2 Bg7 6. Bc4 O-O 7. O-O Nxe4 8. Re1 Nxc3 9. Bxc3 Nc6 10. Bxg7 Kxg7 11. h3 d5 12. Bb5 Bd7 13. Bxc6 Bxc6 14.
d4 cxd4 15. Qxd4+ Kg8 16. Ne5 f6 17. Nxc6 bxc6 18. Re6 Rc8 19. Qc5 Rc7 20. Rae1 Rf7 21. c3 Qb8 22. Rxc6 Rxc6 23. Qxc6 Qd8 24. Rd1 Qa5 25. a4 e6 26. Qxe6 Qxc3 27. Qxd5 Kg7 28.
Qe6 a5 29. g3 Rc7 30. h4 Qf3 31. Rd7+ Rxd7 32. Qxd7+ Kh6 33. Qd2+ g5 34. hxg5+ fxg5 35. Qxa5 Qd1+ 36. Kg2 Qxb3 37. Qb5 Qc2 38. Qb6+ Kh5 39. Qd4 Qc6+ 40. Kh2 Kg6 41. a5 Qb5 42. Qb6+ 1-0

[Event "*** Titled Tuesday Blitz"]
[Site "Chess.com"]
[Date "2020.04.28"]
[Round "4"]
[White "VerdeNotte"]
[Black "Tayson_7"]
[Result "1-0"]
[WhiteElo "2817"]
[BlackElo "2642"]
[TimeControl "180+1"]
[EndTime "10:40:46 PDT"]
[Termination "VerdeNotte won by resignation"]

1. e4 e5 2. Nf3 Nc6 3. d4 exd4 4. Nxd4 Nf6 5. Nxc6 bxc6 6. e5 Qe7 7. Qe2 Nd5 8.
c4 Nb6 9. Nc3 g6 10. Ne4 Bg7 11. Nf6+ Bxf6 12. exf6 Qxe2+ 13. Bxe2 d6 14. b3 Bb7 15.
Bh6 c5 16. O-O O-O-O 17. Rfe1 Rhe8 18. Bg4+ Kb8 19. Re7 Rxe7 20. fxe7 Re8 21. Re1 Bc8 22. Bf3 Bb7 23. Bd1 Kc8 24. Bg5 f5 25. g4 Bc6 26.
gxf5 gxf5 27. Bh5 Kd7 28. f3 h6 29. Bh4 Nc8 30. Bxe8+ Kxe8 31. Kf2 Kf7 32. Kg3 Bd7 33. Kf4 Nb6 34. e8=Q+ Bxe8 35. Re7+ Kf8 36. Rxc7 Nd7 37. Rxa7 Ne5 38. Be7+ Kg8 39. Bxd6 Nd3+ 40. Kxf5 Bc6 41. Kg6 Bxf3 42. Rg7+ Kh8 43. Rf7 Be4+ 44. Kxh6 Bd5 45.
Rf8+ Bg8 46. a3 1-0

[Event "*** Titled Tuesday Blitz"]
[Site "Chess.com"]
[Date "2020.04.28"]
[Round "4"]
[White "Grischuk"]
[Black "TengisChess"]
[Result "1-0"]
[WhiteElo "3107"]
[BlackElo "2557"]
[TimeControl "180+1"]
[EndTime "10:40:47 PDT"]
[Termination "Grischuk won by checkmate"]

1. e4 c6 2. d4 d5 3. e5 Bf5 4. Nf3 e6 5. Be2 h6 6. O-O Nd7 7. a4 Ne7 8. a5 a6 9. b4 g5 10. c3 Ng6 11. Bd3 g4 12. Ne1 h5 13.
Bxf5 exf5 14. Nd3 h4 15. Re1 Bg7 16. Nd2 Qe7 17. Nb3 O-O-O 18. f3 h3 19. g3 gxf3 20. Qxf3 Rdg8 21. Qxf5 Nh4 22. gxh4 Bxe5+ 23. Kf1 f6 24. Nbc5 Rxh4 25. Nxd7 Qg7 26. N7xe5+ Kb8 27. Nd7+ Ka7 28. Ke2 Qg2+ 29. Nf2 Re4+ 30. Be3 Rge8 31. Kd2 Qxh2 32. Re2 R4e6 33. Nc5 R6e7 34. Qxh3 Qd6 35. Qf3 f5 36. Nfd3 Qg6 37. Rae1 Qg8 38. Bf4 Ka8 39. Rxe7 Rxe7 40. Rxe7 Qg1 41. Re8+ Ka7 42. Bb8+ Ka8 43. Bc7+ Ka7 44.
Bb6# 1-0